 Dungeon Crawl Stone Soup version 0.30-a0-779-g7971cf19c3 (webtiles) character file.

Game seed: 13654768452607424070

37 Goldberg the Trooper (level 3, 0/30 HPs)
             Began as a Human Berserker on Feb 17, 2023.
             Was a Believer of Trog.
             Slain by Sigmund
             ... wielding a +0 scythe of venom
              (12 damage)
             ... on level 2 of the Dungeon.
             The game lasted 00:02:40 (955 turns).

Goldberg the Trooper (Human Berserker)               Turns: 955, Time: 00:02:40

Health: 0/30       AC:  2    Str: 17    XL:     3   Next: 60%
Magic:  3/3        EV: 12    Int:  7    God:    Trog [**....]
Gold:   48         SH:  0    Dex: 14    Spells: 2/2 levels left

rFire   . . .      SeeInvis .    a - +0 hand axe
rCold   . . .      Faith    .    (no shield)
rNeg    . . .      Spirit   .    b - +0 animal skin
rPois   .          Reflect  .    (no helmet)
rElec   .          Harm     .    (no cloak)
rCorr   .          Rampage  .    (no gloves)
Will    .....                    (no boots)
Stlth   +                        (no amulet)
HPRegen 0.25/turn                (no ring)
MPRegen 0.08/turn                (no ring)

@: no status effects
A: no striking features
a: Renounce Religion, Berserk, Trog's Hand


You were on level 2 of the Dungeon.
You worshipped Trog.
Trog was pleased with you.
You visited 1 branch of the dungeon, and saw 2 of its levels.

You collected 48 gold pieces.

Inventory:

Hand Weapons
 a - a +0 hand axe (weapon)
Armour
 b - a +0 animal skin (worn)
Scrolls
 e - a scroll of enchant weapon {unknown}
 g - a scroll of immolation {unknown}
Potions
 c - a potion of cancellation {unknown}
 d - a potion of haste {unknown}
 f - 2 potions of brilliance {unknown}
 h - a potion of curing {unknown}
 i - a potion of heal wounds {unknown}


   Skills:
 + Level 3.7 Fighting
 + Level 3.5 Axes
 + Level 2.0 Armour
 + Level 2.1 Dodging
 + Level 0.2 Stealth


You had 2 spell levels left.
You didn't know any spells.
Your spell library was empty.

Dungeon Overview and Level Annotations

Branches:
Dungeon (2/15)

Altars:

Annotations:
D:2 Sigmund


Message History

Moving in this stuff is going to be slow.
You enter the shallow water.
Moving in this stuff is going to be slow.
There is an open door here.
There is a stone staircase leading down here.
You climb downwards.
There is a stone staircase leading up here.
Found a stone staircase leading down.
A quokka comes into view.
A quokka is nearby!
Sigmund the Dreaded comes into view.
He is wielding a +0 scythe of venom.
Sigmund shouts!
A kobold comes into view.
It is wielding a +0 short sword of venom.
You closely miss the quokka.
The kobold shouts!
The quokka barely misses you.
You barely miss the quokka. The quokka barely misses you. x2
The quokka attacks as you move away!
The quokka bites you but does no damage.
Sigmund says, "Look into my eyes."
You barely miss the quokka. The quokka barely misses you.
Sigmund casts a spell.
Sigmund flickers and vanishes!
Deactivating autopickup; reactivate with Ctrl-A.
You barely miss the quokka. The quokka misses you. Something hits you!
You are poisoned.
You feel sick.
The quokka bites you but does no damage.
You feel sick.
You feel sick.
You feel sick.
You feel sick.
There is a stone staircase leading down here.
You feel sick. The quokka closely misses you.
You hit the quokka.
The quokka is heavily wounded.
You feel sick.
You are no longer poisoned.
The quokka bites you. Something hits you!
You die...

# ## .# ..
###.##.# #......#
#@# .# #####r#
.####..
#...#.####.......
#..<.K#...K#
#.......##.......
#.....### ##.....
#...### ....
#...# ... #...#
..


You could see a quokka and a kobold.

Vanquished Creatures
  2 dart slugs (D:1)
  2 ball pythons (D:1)
  2 giant cockroaches (D:1)
  4 goblins (D:1)
  A hobgoblin (D:1)
  8 jackals (D:1)
  A quokka (D:1)
  3 bats (D:1)
  2 frilled lizards (D:1)
  A kobold (D:1)
  4 rats (D:1)
30 creatures vanquished.

Notes
Turn   | Place    | Note
-------+----------+-------------------------------------------
     0 | D:1      | Goldberg the Human Berserker began the quest for the Orb.
     0 | D:1      | Reached XP level 1. HP: 18/18 MP: 1/1
    79 | D:1      | Reached XP level 2. HP: 23/24 MP: 2/2
   403 | D:1      | Reached XP level 3. HP: 29/29 MP: 3/3
   891 | D:1      | Reached ** piety under Trog
   942 | D:2      | Noticed Sigmund
   955 | D:2      | Slain by Sigmund

Illustrated notes

Levels and vault maps discovered:
D:1:      dpeg_arrival_subterranean_lakeside_camping, layout_basic
D:2:      layout_rooms, basic_altar, uniq_sigmund, uniq_robin

Action                     || total
---------------------------++-------
  Melee: Hand axe          ||    81
         Punch             ||     1
   Stab: Sleeping          ||     1
 Armour: Animal skin       ||    15
  Dodge: Dodged            ||    66

Table legend: (Time is in decaauts)
 A = Elapsed time spent in this place.
 B = Non-inter-level travel time spent in this place.
 C = Inter-level travel time spent in this place.
 D = Time resting spent in this place.
 E = Time spent auto-exploring this place.
 F = Levels seen in this place.
 G = Mean time per level.
                   A        B        C        D        E       F      G
               +--------+--------+--------+--------+--------+-----+--------+
         Total |    968 |    933 |     35 |      0 |    721 |   2 |  484.0 |
       Dungeon |    968 |    933 |     35 |      0 |    721 |   2 |  484.0 |
               +--------+--------+--------+--------+--------+-----+--------+

Top non-repeatable levels by time:
     D:1: 950 daAuts
     D:2: 18 daAuts
